AoeStats
← elkikodesonasur

Arabia

508973058Analyzed
1v1 RM · 6d ago on Sep 24, 2026· 58m 11s· 2 players
Game mode
Random Map
Map size
Tiny (2 player)
Population
200
Speed
Normal
Resources
Standard
Victory
Conquest
Starting age
Dark Age
Ending age
Imperial Age
RankedLock teamsTeams togetherTeam positionsShared explorationLock speedFull tech treeHidden civsTurbo modeCheats
Victory
Defeat
🇪🇸 Byzantines · Spain
1342
+14
🇦🇷 Teutons · Argentina
1300
-14
elkikodesonasur
6:19 Loom
6:30 Loom
10:08 Feudal Age
10:37 Double-Bit Axe
10:34 Horse Collar
17:17 Fletching
18:29 Wheelbarrow
17:40 Town Watch
18:49 Padded Archer Armor
19:57 Scale Barding Armor
21:02 Forging
24:33 Castle Age
24:09 Bloodlines
24:20 Gold Mining
27:18 Chain Barding Armor
43:57 Iron Casting
43:17 Bodkin Arrow
50:25 Stone Mining
53:38 Scale Mail Armor
54:46 Chain Mail Armor
57:10 Imperial Age
55:04 Squires
57:55 Stone Shaft Mining
58:03 Bow Saw
59:07 Blast Furnace
Mr.Brrum
7:16 Loom
9:51 Feudal Age
10:24 Double-Bit Axe
14:02 Fletching
22:07 Castle Age
21:25 Scale Barding Armor
23:56 Chain Barding Armor
24:06 Bow Saw
25:39 Pikeman
26:37 Scale Mail Armor
29:30 Devotion
29:49 Husbandry
32:10 Wheelbarrow
34:04 Sanctity
34:05 Chain Mail Armor
34:10 Forging
47:59 Imperial Age
46:37 Iron Casting
48:06 Halberdier
48:47 Squires
49:19 Plate Mail Armor
50:10 Conscription
50:36 Capped Ram
52:33 Hand Cart
52:00 Cavalier
53:17 Plate Barding Armor
53:01 Heavy Camel Rider
55:50 Elite Cataphract
58:15 Two-Man Saw
57:07 Gold Mining
Connection lost

Rejoining the realm…

Still unreachable

The connection could not be restored.

Session expired

The server has moved on; the page needs a fresh start.